 Dungeon Crawl Stone Soup version 0.26.0-11-g8f856b5395 (webtiles) character file.

Game seed: 11472718321372986808

66 4Zeroes the Covered (level 3, -6/34 HPs)
             Began as a Deep Dwarf Fighter on Jan 15, 2021.
             Mangled by a gnoll
             ... wielding a cursed -3 halberd
              (8 damage)
             ... on level 2 of the Dungeon.
             The game lasted 00:08:15 (890 turns).

4Zeroes the Covered (Deep Dwarf Fighter)             Turns: 890, Time: 00:08:16

Health: -6/34      AC:  7    Str: 20    XL:     3   Next: 96%
Magic:  3/3        EV:  7    Int:  8    God:
Gold:   4          SH:  9    Dex: 12    Spells: 2/2 levels left

rFire    . . .     SeeInvis .   a - +0 war axe
rCold    . . .     Faith    .   c - +0 kite shield
rNeg     . . .     Spirit   .   b - +0 scale mail
rPois    .         Reflect  .   (no helmet)
rElec    .         Harm     .   (no cloak)
rCorr    .         Rampage  .   (no gloves)
Will     .....                  (no boots)
Stlth    ..........             (no amulet)
HPRegen  0.00/turn              (no ring)
MPRegen  0.08/turn              (no ring)

@: non-regenerating
A: damage resistance, heal wounds, sense surroundings 1, no regeneration
a: Heal Wounds


You were on level 2 of the Dungeon.
You visited 1 branch of the dungeon, and saw 2 of its levels.

You collected 4 gold pieces.

Inventory:

Hand Weapons
 a - a +0 war axe (weapon)
 e - a +0 club
 g - a +0 dagger
 i - a +0 short sword
Missiles
 j - 34 stones (quivered)
 m - 15 bolts
Armour
 b - a +0 scale mail (worn)
 c - a +0 kite shield (worn)
Scrolls
 h - a scroll of identify
 k - a scroll of enchant armour {unknown}
Potions
 d - a potion of might
 f - 2 potions of berserk rage
 l - a potion of flight {unknown}


   Skills:
 * Level 3.2 Fighting
 * Level 3.2 Axes
 * Level 3.9 Armour
 + Level 0.3 Stealth
 * Level 3.6 Shields


You had 2 spell levels left.
You didn't know any spells.
Your spell library was empty.

Dungeon Overview and Level Annotations

Branches:
Dungeon (2/15)

Altars:


Innate Abilities, Weirdness & Mutations

You are resistant to damage.
You can heal yourself by infusing magical energy.
You passively map a small area around you.
You do not regenerate.


Message History

The gnoll hits you with a +0 flail.
* * * LOW HITPOINT WARNING * * *
You hit the gnoll.
The gnoll is moderately wounded.
The gnoll hits you from afar with a cursed -3 halberd.
You block the gnoll's attack.
You closely miss the gnoll.
The gnoll is moderately wounded.
The gnoll hits you but does no damage. The gnoll hits you with a +0 flail.
You block the gnoll's attack.
You closely miss the gnoll.
The gnoll is moderately wounded.
You block the gnoll's attack.
The gnoll hits you from afar with a cursed -3 halberd.
The gnoll hits you with a +0 flail!
* * * LOW HITPOINT WARNING * * *
You closely miss the gnoll.
The gnoll is moderately wounded.
The gnoll hits you from afar with a cursed -3 halberd!
You die...

, .....! *
, ,g.... ,
#... #..( *
#...## * ,
, #...<###
,, , , ,
#..g...# ,
#..#)#.# ,
, ,
*#..#@g$#
** , ,
#........#
* *
,#.####.###
≈ # , .# .#
* *, #* ≈ *
*


You could see 2 gnolls.

Vanquished Creatures
  3 gnolls
  An ooze (D:1)
  2 dart slugs (D:1)
  3 leopard geckos (D:1)
  2 bats (D:1)
  A giant cockroach (D:1)
  3 goblins (D:1)
  A hobgoblin (D:1)
  4 kobolds
  2 ball pythons (D:1)
  4 frilled lizards (D:1)
  A rat (D:1)
27 creatures vanquished.

Notes
Turn   | Place    | Note
-------+----------+-------------------------------------------
     0 | D:1      | 4Zeroes the Deep Dwarf Fighter began the quest for the Orb.
     0 | D:1      | Reached XP level 1. HP: 20/20 MP: 1/1
    32 | D:1      | Reached XP level 2. HP: 22/27 MP: 2/2
   423 | D:1      | Reached XP level 3. HP: 31/34 MP: 3/3
   890 | D:2      | Mangled by a gnoll

Illustrated notes

Levels and vault maps discovered:
D:1:      ncdulo_lavacross, layout_basic, serial_glass, glass_columns_c,
          glass_columns_b, glass_columns_c, feat_on_display,
          due_unseen_surprise, minmay_strange_pillars
D:2:      layout_basic, overflow_temple_1_default, ashenzari_altar_1,
          chequers_serial_rivers_large_b

Skill      XL: |  1  2  3 |
---------------+----------+-----
Fighting       | 3 |  3.2
Axes           | 3 |  3.2
Armour         | |  3.9
Stealth        | |  0.3
Shields        | |  3.6

Action                   || total
-------------------------++-------
Melee: War axe           ||    94
Throw: Stone             ||    10
 Abil: Heal Wounds       ||     2
  Use: Scroll            ||     2
Armor: Scale mail        ||    50
Dodge: Dodged            ||    36
Block: Kite shield       ||    63
